 Dungeon Crawl Stone Soup version 0.25.1-2-g60ff931df9 (webtiles) character file.

Game seed: 814646253571766579

757 hawla the Firebug (level 7, -7/51 HPs)
             Began as a Black Draconian Fire Elementalist on Oct 15, 2020.
             Killed by nerve-wracking pain
             ... invoked by Grinder
              (14 damage)
             ... on level 6 of the Dungeon.
             The game lasted 00:22:35 (5466 turns).

hawla the Firebug (DrFE)                            Turns: 5466, Time: 00:22:36

Health: -7/51      AC:  7    Str: 12    XL:     7   Next: 50%
Magic:  11/14      EV: 13    Int: 15    God:
Gold:   259        SH:  0    Dex: 12    Spells: 10/15 levels left

rFire    . . .     SeeInvis .   n - +1 whip (vamp)
rCold    . . .     Gourm    .   (no shield)
rNeg     . . .     Faith    .   (armour unavailable)
rPois    .         Spirit   .   (helmet restricted)
rElec    +         Reflect  .   (no cloak)
rCorr    .         Harm     .   (no gloves)
MR       .....                  (no boots)
Stlth    ++........             (no amulet)
HPRegen  0.17/turn              (no ring)
MPRegen  0.14/turn              (no ring)

@: about to teleport, studying Maces & Flails
A: breathe lightning, unfitting armour, shaggy fur 1, electricity resistance, no
potion heal 1, cold-blooded, MP-powered wands, AC +6
a: Breathe Lightning


You were on level 6 of the Dungeon.
You were not hungry.

You visited 1 branch of the dungeon, and saw 6 of its levels.

You collected 259 gold pieces.

Inventory:

Hand Weapons
 n - a +1 vampiric whip (weapon)
 o - the +1 long sword "Vediul" {speed, *Slow rF+ MR+ Dex+10}
   (You found it on level 5 of the Dungeon)

   Attacks with this weapon are significantly faster.
   It affects your dexterity (+10).
   It protects you from fire.
   It affects your resistance to hostile enchantments.
   It may slow you when you take damage.
Missiles
 f - 5 boomerangs (quivered)
Wands
 m - a wand of iceblast (8)
Scrolls
 a - a scroll of teleportation
 h - a scroll of fear
 i - 3 scrolls of remove curse
Potions
 c - a potion of brilliance
 e - 2 potions of invisibility
Books
 j - a manual of Maces & Flails
Comestibles
 b - 4 rations
 d - 3 chunks of flesh


   Skills:
 + Level 0.9 Fighting
   Level 0.3(0.4) Short Blades
 + Level 0.2(0.3) Long Blades
 + Level 0.4 Throwing
 + Level 3.4 Dodging
 + Level 2.6 Stealth
 + Level 4.6 Spellcasting
 + Level 3.5 Conjurations
 + Level 4.9 Fire Magic
 + Level 0.1 Evocations


You had 10 spell levels left.
You knew the following spells:

 Your Spells              Type           Power        Failure   Level  Hunger
a - Foxfire               Conj/Fire      ###.         3%          1    None
b - Sticky Flame          Conj/Fire      ###.....     28%         4    ####...

Your spell library contained the following spells:

 Spells                   Type           Power        Failure   Level  Hunger
 Conjure Flame            Conj/Fire      ###.....     9%          3    ###....
 Inner Flame              Hex/Fire       ##......     19%         3    ###....
 Fireball                 Conj/Fire      ###.......   63%         5    ######.


Dungeon Overview and Level Annotations

Branches:
Dungeon (5/15)
 Temple: D:4-7

Altars:
Dithmenos
Fedhas
Hepliaklqana
Nemelex Xobeh

Annotations:
D:6 Grinder


Innate Abilities, Weirdness & Mutations

You can breathe wild blasts of lightning.
Your glossy black scales are hard. (AC +6)
You cannot fit into any form of body armour.
You are resistant to electric shocks. (rElec)
You are cold-blooded and may be slowed by cold attacks.
You are covered in fur. (AC +1)
Potions are less effective at restoring your health.
You expend magic power (3 MP) to strengthen your wands.


Message History

Grinder hits you.
* * * LOW HITPOINT WARNING * * *
You writhe in agony.
* * * LOW HITPOINT WARNING * * *
As you read the scroll labeled VITTIZ LICUHIQI, it crumbles to dust.
You feel strangely unstable.
It was a scroll of teleportation.
Grinder hits you but does no damage.
It was a potion of curing.
You feel better. Grinder hits you!
* * * LOW HITPOINT WARNING * * *
You writhe in agony.
* * * LOW HITPOINT WARNING * * *
Okay, then.
It was a potion of mutation.
You feel extremely strange.
You feel your magical essence link to the dungeon's wands.
Your system partially rejects the healing effects of potions.
Fur sprouts all over your body. Grinder closely misses you.
Grinder gestures at you. Pain shoots through your body!
You die...

.. .. .. #.
###. ### ...
#... a #.###
#... .l
###@.###...#
#..###...5....#
.............##
########
##.......†##
#.......
#...#.......##
#....... ..#
#...###÷.#
#..##### #####
##.# #..# #.#
##.# # #.# #.#
##


You could see Grinder.

Vanquished Creatures
  An ice beast (D:3)
  A black bear (D:6)
  A sky beast (D:6)
  A bullfrog (D:6)
  A scorpion (D:4)
  A hound (D:5)
  Jessica (D:3)
  An iguana (D:6)
  An orc wizard (D:3)
  5 gnolls
  9 adders
  A shadow imp (D:6)
  2 oozes
  An adder skeleton (D:4)
  4 worms
  A dart slug (D:2)
  5 leopard geckos
  10 orcs (D:3)
  3 giant cockroaches
  7 goblins
  9 hobgoblins
  7 jackals
  A quokka (D:3)
  8 bats
  5 frilled lizards
  A jackal skeleton (D:4)
  10 kobolds
  8 rats
106 creatures vanquished.

Vanquished Creatures (others)
  305 foxfires
305 creatures vanquished.

Grand Total: 411 creatures vanquished

Notes
Turn   | Place    | Note
-------+----------+-------------------------------------------
     0 | D:1      | hawla the Draconian Fire Elementalist began the quest for
                  | the Orb.
     0 | D:1      | Reached XP level 1. HP: 14/14 MP: 3/3
   346 | D:1      | Reached XP level 2. HP: 20/20 MP: 0/5
  1097 | D:2      | Reached XP level 3. HP: 25/26 MP: 0/7
  1766 | D:2      | Reached XP level 4. HP: 32/33 MP: 3/8
  1879 | D:2      | Found a sparkling altar of Nemelex Xobeh.
  2378 | D:3      | Noticed an ice beast
  2390 | D:3      | Killed an ice beast
  2390 | D:3      | Reached XP level 5. HP: 24/38 MP: 3/10
  2633 | D:3      | Noticed Jessica
  2637 | D:3      | Killed Jessica
  2663 | D:3      | Reached XP level 6. HP: 25/46 MP: 6/11
  3093 | D:3      | Found a faded altar of an unknown god.
  3169 | D:3      | Found a blossoming altar of Fedhas.
  3254 | D:3      | Found a shadowy altar of Dithmenos.
  3722 | D:4      | Learned a level 4 spell: Sticky Flame
  4886 | D:4      | Found a hazy altar of Hepliaklqana.
  5100 | D:5      | Entered Level 5 of the Dungeon
  5183 | D:5      | Got a scorched long sword
  5184 | D:5      | Identified the +1 long sword "Vediul" {speed, *Slow rF+ MR+
                  | Dex+10} (You found it on level 5 of the Dungeon)
  5186 | D:5      | You fall into a shaft and drop 1 floor!
  5194 | D:6      | Your scales start taking on a glossy black colour.
  5194 | D:6      | Reached XP level 7. HP: 48/51 MP: 10/13
  5194 | D:6      | Gained mutation: You are resistant to electric shocks.
                  | (rElec) [Black Draconian growth]
  5441 | D:6      | Noticed Grinder
  5465 | D:6      | Gained mutation: You expend magic power (3 MP) to
                  | strengthen your wands. [potion of mutation]
  5465 | D:6      | Gained mutation: Potions are less effective at restoring
                  | your health. [potion of mutation]
  5465 | D:6      | Gained mutation: You are covered in fur. (AC +1) [potion of
                  | mutation]
  5466 | D:6      | Killed from afar by Grinder

Illustrated notes

Levels and vault maps discovered:
D:1:      moated_graveyard_arrival, layout_basic
D:2:      layout_basic, nicolae_overflow_crystal_walls
D:3:      layout_loops_cross, lemuel_crystal_altar,
          nicolae_dithmenos_through_a_glass_darkly, first_ration,
          chequers_ecumenical_altar_grove, kennysheep_path_1,
          grunt_ministairs_10, uniq_jessica
D:4:      layout_loops_ring, kennysheep_little_box, minmay_manual_mullet
D:5:      layout_cave_pods, grunt_temple_overflow_champion_of_chaos,
          minmay_temple_entry_sparse_star, uniq_ijyb
D:6:      layout_layer_cave, gammafunk_temple_overflow_arena, uniq_grinder

Skill      XL: |  1  2  3  4  5  6 |
---------------+-------------------+-----
Stealth        | 2 |  2.6
Dodging        | 2 3 |  3.4
Spellcasting   | 3 4 |  4.6
Fire Magic     | 4 |  4.9
Conjurations   | 2 3 |  3.5
Fighting       | |  0.9
Short Blades   | |  0.3
Long Blades    | |  0.2
Throwing       | |  0.4
Evocations     | |  0.1

Action                   |  1- 3 |  4- 6 |  7- 9 || total
-------------------------+-------+-------+-------++-------
Melee: Unarmed           |    11 |       |       ||    11
       Dagger            |    12 |    51 |       ||    63
       Tailslap          |       |    10 |     5 ||    15
       Whip              |       |     2 |     1 ||     3
       Long sword        |       |       |     7 ||     7
Throw: Boomerang         |       |     4 |     2 ||     6
 Cast: Foxfire           |    62 |   116 |    14 ||   192
       Sticky Flame      |       |     3 |     1 ||     4
Evoke: Wand              |       |     1 |       ||     1
  Use: Scroll            |     4 |     6 |     1 ||    11
       Potion            |       |     2 |     3 ||     5
  Eat: Chunk             |     3 |     7 |       ||    10
       Ration            |       |     2 |       ||     2
Armor: Skin              |    14 |    49 |     8 ||    71
Dodge: Dodged            |    53 |   100 |    11 ||   164
       Rpst.: Long sword |       |       |     3 ||     3
